 Dungeon Crawl Stone Soup version 0.19.4 (webtiles) character file.

154 vatarom the Insei (level 5, 0/33 HPs)
             Began as an Octopode Transmuter on Feb 2, 2017.
             Succumbed to a gnoll's poison
             ... on level 3 of the Dungeon.
             The game lasted 00:05:32 (2731 turns).

vatarom the Insei (Octopode Transmuter)             Turns: 2731, Time: 00:05:33

Health: 0/33       AC:  2    Str:  9      XL:     5   Next: 35%
Magic:  1/9        EV: 19    Int: 15 (18) God:
Gold:   148        SH:  0    Dex: 17 (20) Spells: 3 memorised, 4 levels left

rFire  . . .     SeeInvis .       - Unarmed
rCold  . . .     Gourm    .     (shield currently unavailable)
rNeg   . . .     Faith    .     (helmet currently unavailable)
rPois  x         Spirit   .     (no amulet)
rElec  .         Reflect  .     f - ring of stealth
rCorr  .         Harm     .     (no ring)
MR     .....                    (no ring)
Stlth  +++.......               (no ring)
                                (no ring)
                                (no ring)
                                (no ring)
                                (no ring)

@: lethally poisoned (0 -> -7), spider-form, very slightly contaminated
A: almost no armour, stealthy swim, (amphibious), 8 rings, (constrict 8),
(tentacle spike 0), (camouflage 0), agile 1, clever 1, (gelatinous body 0)
a: End Transformation


You were on level 3 of the Dungeon.
You were not hungry.
You were a venomous arachnid creature.
You visited 1 branch of the dungeon, and saw 3 of its levels.

You collected 148 gold pieces.

Inventory:

Missiles
 a - 25 arrows
Jewellery
 f - a ring of stealth (left front leg)
Scrolls
 d - a scroll of fog {unknown}
 e - 6 scrolls of identify
 g - 2 scrolls of fear {unknown}
 h - 2 scrolls of remove curse
 l - 2 scrolls of teleportation
 m - a scroll of random uselessness {unknown}
Books
 b - a book of Changes

   Spells                             Type                      Level
   a - Beastly Appendage              Transmutation                1
   b - Sticks to Snakes               Transmutation                2
   c - Spider Form                    Transmutation/Poison         3
   d - Ice Form                       Ice/Transmutation            4
   e - Blade Hands                    Transmutation                5
Comestibles
 c - 3 bread rations
 i - 4 fruits
 j - 6 chunks of flesh
 k - a royal jelly


   Skills:
 - Level 1.0 Fighting
 - Level 2.0 Dodging
 * Level 4.6 Unarmed Combat
 + Level 3.0 Spellcasting
 + Level 3.1 Transmutations


You had 4 spell levels left.
You knew the following spells:

 Your Spells              Type           Power        Failure   Level  Hunger
a - Beastly Appendage     Tmut           ##....       21%         1    #......
b - Sticks to Snakes      Tmut           ##......     28%         2    ##.....
c - Spider Form           Tmut/Pois      #.........   56%         3    ###....


Dungeon Overview and Level Annotations

Branches:
Dungeon (3/15)

Altars:
Hepliaklqana
Yredelemnul


Innate Abilities, Weirdness & Mutations

You cannot wear most types of armour.
You are very stealthy in the water. (Stealth+)
((You are amphibious.))
You can wear up to eight rings at the same time.
((You can use your tentacles to constrict eight enemies at once.))
((Your skin changes colour to match your surroundings (Stealth+).))
((Your rubbery body absorbs attacks. (AC +1, EV +1)))
((One of your tentacles bears a spike.))
You are agile. (Dex +2)
Your mind is acute. (Int +2)


Message History

You feel sick.
You aren't carrying any potions.
You aren't carrying any potions.
Okay, then.
Casting: Sticks to Snakes
Confirm with . or Enter, or press ? or * to list all spells.
Okay, then.
Casting: Sticks to Snakes
Confirm with . or Enter, or press ? or * to list all spells.
You miscast Spider Form.
You are very lightly contaminated with residual magic.
Nothing appears to happen.
The gnoll shouts!
* * * LOW HITPOINT WARNING * * *
You feel sick.
Unknown command.
Casting: Spider Form
Confirm with . or Enter, or press ? or * to list all spells.
You turn into a venomous arachnid creature.
You die...

###.# #.# #g .##.#
#.# #g .##)# #.#
(##g .##.# #.# . #.
..#.# #.##. #g ..#.#
#.#.. #g###### #.#.#
#.#.# #.%....# #...#
#.#.#######.## #...#
#.#.......s.#
#...###.#....###..##
.)........##.......#
..#..##.#########.##
####.##.. .........#
.>### ########## ###


There were no monsters in sight!

Vanquished Creatures
  Robin (D:3)
  4 adders
  An ooze (D:2)
  A worm (D:3)
  2 dart slugs
  A leopard gecko (D:1)
  An orc (D:3)
  7 bats
  2 giant cockroaches (D:1)
  12 goblins
  11 hobgoblins
  10 jackals
  10 kobolds
  2 quokkas
  2 ball pythons (D:1)
  7 frilled lizards
  6 rats
80 creatures vanquished.

Vanquished Creatures (collateral kills)
  A worm (D:2)
  An orc (D:3)
  6 goblins (D:3)
  A hobgoblin (D:3)
  A rat (D:3)
10 creatures vanquished.

Grand Total: 90 creatures vanquished

Notes
Turn   | Place    | Note
-------+----------+-------------------------------------------
     0 | D:1      | vatarom the Octopode Transmuter began the quest for the Orb.
     0 | D:1      | Reached XP level 1. HP: 13/13 MP: 3/3
    91 | D:1      | Reached XP level 2. HP: 14/18 MP: 5/5
   203 | D:1      | Learned a level 2 spell: Sticks to Snakes
   554 | D:1      | Reached XP level 3. HP: 23/23 MP: 6/6
   938 | D:2      | Found a hazy altar of Hepliaklqana.
   977 | D:2      | Found a basalt altar of Yredelemnul.
  1183 | D:2      | Learned a level 3 spell: Spider Form
  1356 | D:2      | Reached XP level 4. HP: 7/28 MP: 4/8
  1879 | D:2      | Reached skill level 4 in Unarmed Combat
  2079 | D:3      | Gained mutation: One of your tentacles bears a spike. [potion of mutation]
  2079 | D:3      | Gained mutation: Your mind is acute. (Int +2) [potion of mutation]
  2079 | D:3      | Gained mutation: You are agile. (Dex +2) [potion of mutation]
  2086 | D:3      | Noticed Robin
  2117 | D:3      | Killed Robin
  2321 | D:3      | Reached XP level 5. HP: 33/33 MP: 9/9
  2728 | D:3      | HP: 1/33 [poisoned by a gnoll]
  2731 | D:3      | Succumbed to a gnoll's poison

Skill      XL: |  1  2  3  4  5 |
---------------+----------------+-----
Unarmed Combat | 4 |  4.6
Transmutations | 3 |  3.1
Spellcasting   | 3 |  3.0
Fighting       | |  1.0
Dodging        | |  2.0

Action                   |  1- 3 |  4- 6 || total
-------------------------+-------+-------++-------
Melee: Unarmed           |    85 |    86 ||   171
       Constrict         |    22 |    24 ||    46
       Tentacles         |    14 |    14 ||    28
       Punch             |     1 |     1 ||     2
       Kick              |       |    10 ||    10
 Cast: Sticks to Snakes  |     1 |     8 ||     9
       Spider Form       |       |     1 ||     1
  Use: Scroll            |     3 |       ||     3
       Potion            |       |     5 ||     5
 Stab: Sleeping          |    12 |     7 ||    19
  Eat: Bread ration      |     1 |       ||     1
       Chunk             |       |     2 ||     2
Armor: Skin              |     6 |     7 ||    13
Dodge: Dodged            |    46 |    43 ||    89
